Map: King's Cove LE

Players

Lambo - Winner!

  • Race: Zerg Zerg
  • League: Grandmaster
  • Spawn Location: 11:00

IIIIIIIIIIII

  • Race: Protoss Protoss
  • League: Grandmaster
  • Spawn Location: 5:00

VOD

Have the link to the VOD?

Description

Time

  • Played on: Feb. 9, 2019, 8:26 a.m.
  • Length: 4:59
Show
View Real Time Build Order
Export as new Build Order

Lambo Zerg - Winner!

Build Orders: Hatch First, Ravager All-In 

Get SALT Encoding   

  12  0:01  Drone  
  13  0:15  Overlord  
  13  0:19  Drone  
  14  0:34  Drone x2  
  16  0:49  Hatchery  
  15  0:54  Drone  
  16  0:57  Drone  
  16  1:01  Drone  
  18  1:11  Extractor  
  18  1:17  Spawning Pool  
  16  1:20  Drone  
  16  1:22  Drone  
  16  1:24  Extractor  
  18  1:32  Drone  
  19  1:44  Drone  
  20  1:52  Hatchery  
  20  1:54  Drone  
  20  2:05  Queen, Roach Warren  
  20  2:07  Drone  
  22  2:13  Metabolic Boost  
  22  2:24  Overlord  
  21  2:46  Zergling x2  
  21  2:47  Zergling x2  
  21  2:49  Zergling x2  
  23  3:01  Roach  
  23  3:05  Roach  
  27  3:09  Overlord  
  27  3:18  Roach, Zergling x4  
  31  3:21  Roach  
  33  3:27  Ravager  
  33  3:30  Roach  
  35  3:34  Zergling x2  
  35  3:41  Roach  
  38  3:43  Ravager  
  38  3:53  Zergling x4  
  38  3:55  Ravager  
  41  3:59  Roach  
  43  4:06  Overlord  
  43  4:15  Ravager  
  44  4:27  Zergling x6  
  44  4:29  Ravager  
  48  4:34  Overlord  
  48  4:40  Zergling x2  
  51  4:45  Ravager  
Show
View Real Time Build Order
Export as new Build Order

IIIIIIIIIIII Protoss 

Build Orders:  

Get SALT Encoding   

  12  0:01  Probe  
  13  0:13  Probe  
  14  0:18  Pylon  
  14  0:24  Probe  
  15  0:32  Probe  
  15  0:40  Forge, Probe  
  17  0:51  Probe  
  18  0:57  Pylon  
  18  1:03  Probe  
  19  1:17  Photon Cannon  
  19  1:18  Gateway  
  19  1:19  Probe  
  20  1:26  Assimilator  
  20  1:32  Probe  
  21  1:34  Assimilator  
  21  1:57  Zealot  
  21  1:59  Pylon  
  21  2:05  Cybernetics Core  
  23  2:17  Photon Cannon  
  23  2:35  Stalker  
  25  2:47  Robotics Facility  
  23  2:54  Shield Battery  
  23  2:56  Shield Battery  
  23  3:03  Stalker  
  25  3:24  Immortal  
  25  3:32  Probe  
  26  3:37  Pylon  
  30  3:44  Photon Cannon, Probe  
  30  3:45  Shield Battery  
  30  3:47  Pylon  
  29  4:03  Warp Prism  
  29  4:04  Pylon  
  31  4:11  Photon Cannon  
  31  4:19  Cybernetics Core  
  31  4:32  Photon Cannon  
Tags
 
Add a new tag
Caveats
  • Supply blocks, unpowered buildings, or Contaminate may cause inaccurate times.
  • Supply counts are checked every 10 seconds.